Workbook
Name OLE_LINK1: 'Planilha de materiais'!$A$1

Sheet PADRÃO
M1: NOME DA EMPRESA
M2: CONTRATO XXX/202X
B3: PLANILHA INICIAL Contrato nº 12/ 2023 ano 2023 | M3: PLANILHA INICIAL Contrato nº XXX/XXXX ano XXXX
B4: 1 | C4: Composição da Remuneração | F4: Nº de dias | G4: Nº Auxiliares | H4: Nº Horas/Mês | I4: % | J4: Valor (R$) | M4: 1 | N4: Composição da Remuneração | Q4: Nº de dias | R4: Nº Auxiliares | S4: Nº Horas/Mês | T4: % | U4: Valor (R$)
B5: A | C5: Salário-base 220 horas trabalhadas | F5: 1314.09 | H5: 200 | J5: =F5/220*H5 -> 1194.6273 | M5: A | N5: Salário-base 220 horas trabalhadas | Q5: 0 | S5: 200 | U5: 0
B6: B | C6: Adicional de insalubridade | H6: =F5 -> 1314.09 | I6: 0.2 | J6: =H6*I6 -> 262.818 | M6: B | N6: Adicional de insalubridade (Verificar convenção coletiva) | T6: 0 | U6: =S6*T6 -> 0
B7: C | C7: Outros (especificar) | J7: 0 | M7: C | N7: Outros (especificar) | U7: 0
B8: Total da Remuneração | J8: =SUM(J5:J7) -> 1457.4453 | M8: Total da Remuneração | U8: =SUM(U5:U7) -> 0
B9: MÓDULO 2 : BENEFÍCIOS MENSAIS E DIÁRIOS | M9: MÓDULO 2 : BENEFÍCIOS MENSAIS E DIÁRIOS
B10: 2 | C10: Benefícios Mensais e Diários | I10: Valor unit.(R$) | J10: Valor (R$) | M10: 2 | N10: Benefícios Mensais e Diários | T10: Valor unit.(R$) | U10: Valor (R$)
B11: A | C11: Transporte Cálculo do valor: [(2xVTx21) – (6%xSB)] | M11: A | N11: Transporte Cálculo do valor: [(2xVT x Qtde de dias) – (6%xSB)]
C12: A.1) Valor da passagem do transporte coletivo no município de prestação dos serviços: 21 dias | F12: 6.1 | G12: 42 | H12: =F12*G12 -> 256.2 | I12: =-J5*6% -> -71.677636 | J12: =H12+I12 -> 184.52236 | N12: A.1) Valor da passagem do transporte coletivo no município de prestação dos serviços: | Q12: 0 | R12: 0 | S12: =Q12*R12 -> 0 | T12: =-U5*6% -> 0 | U12: =S12+T12 -> 0
C13: A.2) Quantidade de passagens por dia por empregado: | J13: 0 | N13: A.2) Quantidade de passagens por dia por empregado: | U13: 0
B14: B | C14: Auxílio-alimentação (vales, cesta básica, entre outros) Cálculo do valor = [(21xVA)x(1-0,19)] | J14: =ROUND(((F5*I15*(1-0.19))*G5),2) -> 0 | M14: B | N14: Auxílio-alimentação (vales, cesta básica, entre outros) Cálculo do valor = [(nº de dias xVA)x(1-percentual de desconto)] | U14: =ROUND(((Q5*T15*(1-0.19))*R5),2) -> 0
C15: B.1) Valor do auxílio-alimentação (cláusula 18 da CCT ): | F15: 20.43 | G15: 0.008 | H15: =(F15*G15)*100 -> 16.344 | I15: 21 | J15: =I15*H15 -> 343.224 | N15: B.1) Valor do auxílio-alimentação (conforme CCT ): | Q15: 0 | R15: 0 | S15: =(Q15*R15)*100 -> 0 | T15: 0 | U15: =T15*S15 -> 0
B16: C | C16: Assistência médica e familiar | J16: =I16*G5 -> 0 | M16: C | N16: Assistência médica e familiar | U16: =T16*R5 -> 0
B17: D | C17: Auxílio-creche | J17: =I17*G5 -> 0 | M17: D | N17: Auxílio-creche | U17: =T17*R5 -> 0
B18: E | C18: Plano de Benefício Social Familiar | I18: 17.32 | J18: =I18 -> 17.32 | M18: E | N18: Plano de Benefício Social Familiar | T18: 0 | U18: =T18 -> 0
B19: F | C19: Outros (especificar) | J19: =I19*G5 -> 0 | M19: F | N19: Outros (especificar) | U19: =T19*R5 -> 0
C20: Total de Benefícios Mensais e Diários | J20: =SUM(J12:J19) -> 545.06636 | N20: Total de Benefícios Mensais e Diários | U20: =SUM(U12:U19) -> 0
B21: MÓDULO 3: INSUMOS DIVERSOS | M21: MÓDULO 3: INSUMOS DIVERSOS
B22: 3 | C22: Insumos diversos | I22: Valor unit.(R$) | J22: Valor (R$) | M22: 3 | N22: Insumos diversos | U22: Valor (R$)
B23: A | C23: Uniformes | J23: 31.74 | M23: A | N23: Depreciação | U23: 0
B24: B | C24: Materiais | J24: 0 | M24: B | N24: Combustível | U24: 0
B25: C | C25: Equipamentos | J25: 240 | M25: C | N25: Manutenção | U25: 0
B26: D | C26: Outros - Depreciação de equipamentos | J26: 0 | M26: D | N26: Outros | U26: =ROUND(+J26*1.0450664,2) -> 0
B27: Total de Insumos Diversos | J27: =SUM(J23:J26) -> 271.74 | M27: Total de Insumos Diversos | U27: =SUM(U23:U26) -> 0
B28: MÓDULO 4: ENCARGOS SOCIAIS E TRABALHISTAS | M28: MÓDULO 4: ENCARGOS SOCIAIS E TRABALHISTAS
B29: Submódulo 4.1 - Encargos Previdenciários, FGTS e outras contribuições: | M29: Submódulo 4.1 - Encargos Previdenciários, FGTS e outras contribuições:
B30: 4.1 | C30: Encargos Previdenciários e FGTS | I30: Percentual (%) | J30: Valor (R$) | M30: 4.1 | N30: Encargos Previdenciários e FGTS | T30: Percentual (%) | U30: Valor (R$)
B31: A | C31: INSS | I31: 0.2 | J31: =ROUND($J$8*I31,2) -> 291.49 | M31: A | N31: INSS | T31: 0.2 | U31: =ROUND(U$8*T31,2) -> 0
B32: B | C32: SESI ou SESC | I32: 0.015 | J32: =ROUND($J$8*I32,2) -> 21.86 | M32: B | N32: SESI ou SESC | T32: 0.015 | U32: =ROUND(U$8*T32,2) -> 0
B33: C | C33: SENAI ou SENAC | I33: 0.01 | J33: =ROUND($J$8*I33,2) -> 14.57 | M33: C | N33: SENAI ou SENAC | T33: 0.01 | U33: =ROUND(U$8*T33,2) -> 0
B34: D | C34: INCRA | I34: 0.002 | J34: =ROUND($J$8*I34,2) -> 2.91 | M34: D | N34: INCRA | T34: 0.002 | U34: =ROUND(U$8*T34,2) -> 0
B35: E | C35: Salário educação | I35: 0.025 | J35: =ROUND($J$8*I35,2) -> 36.44 | M35: E | N35: Salário educação | T35: 0.025 | U35: =ROUND(U$8*T35,2) -> 0
B36: F | C36: FGTS | I36: 0.08 | J36: =ROUND($J$8*I36,2) -> 116.6 | M36: F | N36: FGTS | T36: 0.08 | U36: =ROUND(U$8*T36,2) -> 0
B37: G | C37: Seguro Acidente de Trabalho = SAT = (RAT x FAP) SAT = ( %Riscos Ambientais do Trabalho x Fator Acidentário de Prevenção de cada empresa ) | E37: RAT = | F37: 0.03 | G37: FAP = | H37: 1 | I37: =ROUND((F37*H37),6) -> 0.03 | J37: =ROUND($J$8*I37,2) -> 43.72 | M37: G | N37: Seguro Acidente de Trabalho = SAT = (RAT x FAP) SAT = ( %Riscos Ambientais do Trabalho x Fator Acidentário de Prevenção de cada empresa ) | P37: RAT = | Q37: 0.03 | R37: FAP = | S37: 1 | T37: =ROUND((Q37*S37),6) -> 0.03 | U37: =ROUND(U$8*T37,2) -> 0
B38: H | C38: SEBRAE | I38: 0.006 | J38: =ROUND($J$8*I38,2) -> 8.74 | M38: H | N38: SEBRAE | T38: 0.006 | U38: =ROUND(U$8*T38,2) -> 0
B39: TOTAL | I39: =SUM(I31:I38) -> 0.368 | J39: =SUM(J31:J38) -> 536.33 | M39: TOTAL | T39: =SUM(T31:T38) -> 0.368 | U39: =SUM(U31:U38) -> 0
B40: Nota (1) - Os percentuais dos encargos previdenciários do FGTS e demais contribuições são aqueles estabelecidos pela legislação vigente. Nota (2) - Percentuais incidentes sobre a remuneração. | M40: Nota (1) - Os percentuais dos encargos previdenciários do FGTS e demais contribuições são aqueles estabelecidos pela legislação vigente. Nota (2) - Percentuais incidentes sobre a remuneração.
B41: Submódulo 4.2 - 13º (décimo terceiro) Salário | M41: Submódulo 4.2 - 13º (décimo terceiro) Salário
B42: 4.2 | C42: 13º (décimo terceiro) Salário | J42: Valor (R$) | M42: 4.2 | N42: 13º (décimo terceiro) Salário | U42: Valor (R$)
B43: A | C43: 13º (décimo terceiro) salário "Obrigatória" a cotação de 8,33% (= Rem./12)sobre o valor do Módulo 1-Composição da Remuneração, conforme art. 19-A e Anexo VII da IN 2/08. | J43: =ROUND($J$8/12,2) -> 121.45 | M43: A | N43: 13º (décimo terceiro) salário "Obrigatória" a cotação de 8,33% (= Rem./12)sobre o valor do Módulo 1-Composição da Remuneração, conforme art. 19-A e Anexo VII da IN 2/08. | U43: =ROUND(U$8/12,2) -> 0
B44: Subtotal | J44: =SUM(J43) -> 121.45 | M44: Subtotal | U44: =SUM(U43) -> 0
B45: B | C45: Incidência dos encargos previstos no submódulo 4.1 sobre o 13º (décimo terceiro) salário | J45: =ROUND(I39*J44,2) -> 44.69 | M45: B | N45: Incidência dos encargos previstos no submódulo 4.1 sobre o 13º (décimo terceiro) salário | U45: =ROUND(T39*U44,2) -> 0
B46: TOTAL | J46: =SUM(J44:J45) -> 166.14 | M46: TOTAL | U46: =SUM(U44:U45) -> 0
B47: Submódulo 4.3 - Afastamento Maternidade | M47: Submódulo 4.3 - Afastamento Maternidade
B48: 4.3 | C48: Afastamento Maternidade | J48: Valor (R$) | M48: 4.3 | N48: Afastamento Maternidade | U48: Valor (R$)
B49: A | C49: Afastamento maternidade Cálculo do valor = {[(Rem+1/3Rem)/12]x(4/12)}x2% | H49: =J8 -> 1457.4453 | I49: 0.000185 | J49: =H49*I49 -> 0.26962738 | M49: A | N49: Afastamento maternidade Cálculo do valor = {[(Rem+1/3Rem)/12]x(4/12)}x2% | S49: =U8 -> 0 | T49: 0.000185 | U49: =S49*T49 -> 0
B50: B | C50: Incidência dos encargos do submódulo 4.1 sobre o Afastamento Maternidade | J50: =ROUND(I39*J49,2) -> 0.1 | M50: B | N50: Incidência dos encargos do submódulo 4.1 sobre o Afastamento Maternidade | U50: =ROUND(T39*U49,2) -> 0
B51: TOTAL | J51: =SUM(J49:J50) -> 0.36962738 | M51: TOTAL | U51: =SUM(U49:U50) -> 0
B52: Submódulo 4.4 - Provisão para rescisão | M52: Submódulo 4.4 - Provisão para rescisão
B53: 4.4 | C53: Provisão para rescisão | J53: Valor (R$) | M53: 4.4 | N53: Provisão para rescisão | U53: Valor (R$)
B54: A | C54: Aviso-prévio indenizado Cálculo do valor = (Rem/12)x(nº de dias de indenização/30)x 5% de rotatividade anual - utilizado 33 dias para Limpeza | H54: =H49 -> 1457.4453 | I54: 0.00042 | J54: =H54*I54 -> 0.61212701 | M54: A | N54: Aviso-prévio indenizado Cálculo do valor = (Rem/12)x(nº de dias de indenização/30)x 5% de rotatividade anual | S54: =S49 -> 0 | U54: =S54*T54 -> 0
B55: B | C55: Incidência do FGTS sobre aviso-prévio indenizado | J55: =J54*8% -> 0.048970161 | M55: B | N55: Incidência do FGTS sobre aviso-prévio indenizado | U55: =U54*8% -> 0
B56: C | C56: Multa sobre FGTS e contribuições sociais sobre o aviso-prévio indenizado | H56: =H54 -> 1457.4453 | I56: 0.001995 | J56: =H56*I56 -> 2.9076033 | M56: C | N56: Multa sobre FGTS e contribuições sociais sobre o aviso-prévio indenizado | S56: =S54 -> 0 | U56: =S56*T56 -> 0
B57: D | C57: Aviso-previo trabalhado 0,02% Cálculo do valor= [(Rem/30)x7]/12 meses do contrato | H57: =H56 -> 1457.4453 | I57: 0.019444 | J57: =H57*I57 -> 28.338566 | M57: D | N57: Aviso-previo trabalhado 0,02% Cálculo do valor= [(Rem/30)x7]/12 meses do contrato | S57: =S56 -> 0 | U57: =S57*T57 -> 0
B58: E | C58: Incidência dos encargos do submódulo 4.1 sobre o aviso-prévio trabalhado | J58: =ROUND($I$39*J57,2) -> 10.43 | M58: E | N58: Incidência dos encargos do submódulo 4.1 sobre o aviso-prévio trabalhado | U58: =ROUND(T$39*U57,2) -> 0
B59: F | C59: Multa sobre FGTS e contribuições sociais sobre o aviso-prévio trabalhado Cálculo do valor: Rem(40% = 10%) x 8% x 100% | H59: =H57 -> 1457.4453 | I59: 0.04 | J59: =H59*I59 -> 58.297811 | M59: F | N59: Multa sobre FGTS e contribuições sociais sobre o aviso-prévio trabalhado Cálculo do valor: Rem(40% = 10%) x 8% x 100% | S59: =S57 -> 0 | U59: =S59*T59 -> 0
B60: TOTAL | J60: =SUM(J54:J59) -> 100.63508 | M60: TOTAL | U60: =SUM(U54:U59) -> 0
B61: Submódulo 4.5 - Custo de reposição do profissional ausente | M61: Submódulo 4.5 - Custo de reposição do profissional ausente
B62: 4.5 | C62: Composição do custo de reposição do profissional ausente | J62: Valor (R$) | M62: 4.5 | N62: Composição do custo de reposição do profissional ausente | U62: Valor (R$)
A63: 161.92 | B63: A | C63: Férias e terço constitucional de férias Cálculo do valor = [(Rem/12) + (Rem/3)]/12 | H63: =H59 -> 1457.4453 | I63: 0.1111 | J63: =H63*I63 -> 161.92217 | M63: A | N63: Férias e terço constitucional de férias Cálculo do valor = [(Rem/12) + (Rem/3)]/12 | S63: =S59 -> 0 | T63: 0.1111 | U63: =S63*T63 -> 0
A64: 20.24 | B64: B | C64: Ausência por doença Cálculo do valor = [(Rem/30)x5dias]/12 | H64: =H63 -> 1457.4453 | I64: 0.01389 | J64: =H64*I64 -> 20.243915 | M64: B | N64: Ausência por doença Cálculo do valor = [(Rem/30)x5dias]/12 | S64: =S63 -> 0 | T64: 0.01389 | U64: =S64*T64 -> 0
A65: 0.3 | B65: C | C65: Licença-paternidade Cálculo do valor = {[(Rem/30)x5dias]/12}x1,5% | H65: =H64 -> 1457.4453 | I65: 0.000206 | J65: =H65*I65 -> 0.30023373 | M65: C | N65: Licença-paternidade Cálculo do valor = {[(Rem/30)x5dias]/12}x1,5% | S65: =S64 -> 0 | T65: 0.000206 | U65: =S65*T65 -> 0
A66: 11.98 | B66: D | C66: Ausências legais Cálculo do valor = [(Rem/30)x2,96dias]/12 | H66: =H65 -> 1457.4453 | I66: 0.00822 | J66: =H66*I66 -> 11.9802 | M66: D | N66: Ausências legais Cálculo do valor = [(Rem/30)x2,96dias]/12 | S66: =S65 -> 0 | T66: 0.00822 | U66: =S66*T66 -> 0
A67: 0.47 | B67: E | C67: Ausência por acidente de trabalho Cálculo do valor = {[(Rem/30)x15dias]/12}x0,78% | H67: =H66 -> 1457.4453 | I67: 0.000322 | J67: =H67*I67 -> 0.46929738 | M67: E | N67: Ausência por acidente de trabalho Cálculo do valor = {[(Rem/30)x15dias]/12}x0,78% | S67: =S66 -> 0 | T67: 0.000322 | U67: =S67*T67 -> 0
A68: 71.73 | B68: F | C68: Encargo sobre custo de reposição pofissional ausente 4.1 | H68: =H67 -> 1457.4453 | I68: 0.0492 | J68: =H68*I68 -> 71.706307 | M68: F | N68: Encargo sobre custo de reposição pofissional ausente 4.1 | S68: =S67 -> 0 | T68: 0.0492 | U68: =S68*T68 -> 0
B69: Subtotal | J69: =SUM(J63:J68) -> 266.62212 | M69: Subtotal | U69: =SUM(U63:U68) -> 0
B71: TOTAL | J71: =SUM(J69:J70) -> 266.62212 | M71: TOTAL | U71: =SUM(U69:U70) -> 0
B72: Quadro-Resumo - Módulo 4 - Encargos sociais e trabalhistas | M72: Quadro-Resumo - Módulo 4 - Encargos sociais e trabalhistas
B73: 4 | C73: Módulo 4 - Encargos sociais e trabalhistas | J73: Valor (R$) | M73: 4 | N73: Módulo 4 - Encargos sociais e trabalhistas | U73: Valor (R$)
B74: 4.1 | C74: Encargos previdenciários, FGTS e outras contribuições | H74: =H59 -> 1457.4453 | J74: =J39 -> 536.33 | M74: 4.1 | N74: Encargos previdenciários, FGTS e outras contribuições | U74: =U39 -> 0
B75: 4.2 | C75: 13º (décimo terceiro) salário | J75: =J46 -> 166.14 | M75: 4.2 | N75: 13º (décimo terceiro) salário | U75: =U46 -> 0
B76: 4.3 | C76: Afastamento maternidade | J76: =J51 -> 0.36962738 | M76: 4.3 | N76: Afastamento maternidade | U76: =U51 -> 0
B77: 4.4 | C77: Custo de rescisão | J77: =J60 -> 100.63508 | M77: 4.4 | N77: Custo de rescisão | U77: =U60 -> 0
B78: 4.5 | C78: Custo de reposição do profissional ausente | J78: =J69 -> 266.62212 | M78: 4.5 | N78: Custo de reposição do profissional ausente | U78: =U69 -> 0
B79: 4.6 | M79: 4.6
B80: TOTAL | J80: =SUM(J74:J79) -> 1070.0968 | M80: TOTAL | U80: =SUM(U74:U79) -> 0
B81: MÓDULO 5 - CUSTOS INDIRETOS, LUCRO E TRIBUTOS | M81: MÓDULO 5 - CUSTOS INDIRETOS, LUCRO E TRIBUTOS
B82: 5 | C82: Custos indiretos, lucro e tributos | I82: % | J82: Valor (R$) | M82: 5 | N82: Custos indiretos, lucro e tributos | T82: % | U82: Valor (R$)
B83: BASE DE CÁLCULO DOS CUSTOS INDIRETOS = (Total da Remuneração + Total dos Benefícios Mensais e Diários + Total de Insumos Diversos + Total do Quadro-resumo do Módulo 4 de Encargos Sociais e Trabalhistas) | I83: - | J83: =SUM(J8+J20+J27+J80) -> 3344.3485 | M83: BASE DE CÁLCULO DOS CUSTOS INDIRETOS = (Total da Remuneração + Total dos Benefícios Mensais e Diários + Total de Insumos Diversos + Total do Quadro-resumo do Módulo 4 de Encargos Sociais e Trabalhistas) | T83: - | U83: =SUM(U8+U20+U27+U80) -> 0
B84: A | C84: Custos indiretos, lucro e tributos | I84: 0.05 | J84: =J83*I84 -> 167.21742 | M84: A | N84: Custos indiretos, lucro e tributos | T84: 0.05 | U84: =U83*T84 -> 0
C85: Base de Cálculo do Lucro | J85: =SUM(J83:J84) -> 3511.5659 | N85: Base de Cálculo do Lucro | U85: =SUM(U83:U84) -> 0
C86: Lucro | I86: 0.04 | J86: =J85*I86 -> 140.46264 | N86: Lucro | T86: 0.04 | U86: =U85*T86 -> 0
C87: Base de Cálculo de Tributos | J87: =SUM(J85:J86) -> 3652.0285 | N87: Base de Cálculo de Tributos | U87: =SUM(U85:U86) -> 0
C88: Tributos federais | I88: 0.0365 | J88: =J87*I88 -> 133.29904 | N88: Tributos federais | T88: 0.0365 | U88: =U87*T88 -> 0
C89: Tributos Municipais | I89: 0.03 | J89: =J87*I89 -> 109.56086 | N89: Tributos Municipais | T89: 0.05 | U89: =U87*T89 -> 0
C90: Total de Tributos | J90: =SUM(J88:J89) -> 242.8599 | N90: Total de Tributos | U90: =SUM(U88:U89) -> 0
C91: Total de custos Lucro e tributos | J91: =J84+J86+J90 -> 550.53996 | N91: Total de custos Lucro e tributos | U91: =U84+U86+U90 -> 0
C96: Resumo | F96: 2023 | N96: Resumo | Q96: 2024
C97: Remuneração | F97: =J8 -> 1457.4453 | N97: Remuneração | Q97: =U8 -> 0
C98: Beneficios | F98: =J20 -> 545.06636 | N98: Beneficios | Q98: =U20 -> 0
C99: Insumos diversos | F99: =J27 -> 271.74 | N99: Insumos diversos | Q99: =U27 -> 0
C100: Encargos Trabalhistas | F100: =J80 -> 1070.0968 | N100: Encargos Trabalhistas | Q100: =U80 -> 0
C101: Custos e Lucro | F101: =J91 -> 550.53996 | N101: Custos e Lucro | Q101: =U91 -> 0
C102: custos por funcionário | F102: =SUM(F97:F101) -> 3894.8884 | N102: custos por funcionário | Q102: =SUM(Q97:Q101) -> 0
C103: quantidade de funcionários | F103: 8 | N103: quantidade de funcionários | Q103: 0
C104: valor mensal | F104: =F102*F103 -> 31159.107 | N104: valor mensal | Q104: =Q102*Q103 -> 0
C105: valor anual | F105: =F104*12 -> 373909.29 | N105: valor anual | Q105: =Q104*12 -> 0
...

Sheet auxiliar de limpeza - 40hs
A1: ANEXO XIII do Pregão nº 27/2021 PLANILHA DE CUSTOS E FORMAÇÃO DE PREÇOS
A2: Nº do processo: 667/2021
A3: Licitação nº: | F3: Pregão Eletrônico nº 027/2021
A4: Dia: 20/07/2021
A5: Discriminação dos Serviços (dados referentes à contratação) | O5: =1500*7 -> 10500
A6: A | B6: Data de apresentação da proposta (dia/mês/ano) | O6: =O5*12 -> 126000
A7: B | B7: Município/UF | H7: Glorinha | O7: 40000
A8: C | B8: Ano do Acordo, Convenção Coletiva ou Sentença Normativa em Dissídio Coletivo, Vigencia, Registro TEM | H8: 01/01/21 a 31/12/21 RS000051/2021 | O8: =12000*7 -> 84000
A9: D | B9: Número de meses de execução contratual | H9: 12 | J9: manual | O9: =O6+O7+O8 -> 250000
A11: ANEXO III - A MÃO DE OBRA Mão de obra vinculada à execução contratual
A12: Dados complementares para composição dos custos referente à mão de obra
A13: 1 | B13: Tipo de serviço | H13: Limpeza e Higienização
A14: 2 | B14: Salário normativo da categoria profissional | H14: 1184.93 | J14: manual
A15: 3 | B15: Categoria profissional | H15: Auxiliar de Limpeza
A16: 4 | B16: Data base da categoria (dia/mês/ano) | H16: 1º de janeiro de 2021
A20: MÓDULO 1: COMPOSIÇÃO DA REMUNERAÇÃO
A21: 1 | B21: Composição da Remuneração | E21: Nº de dias | F21: Nº Trabalhadores | G21: Nº Horas/Mês | H21: % | I21: Valor (R$)
A22: A | B22: Salário-base (para a jornada de 40 horas semanais) | E22: 21 | F22: 1 | G22: 200 | I22: =ROUND(((H14/220)*G22*F22*(E22/21)),2) -> 1077.21 | J22: formula | K22: valores em amarelo manual
A23: B | B23: Adicional de insalubridade | H23: 0.4 | I23: =ROUND(H23*I22,2) -> 430.88 | J23: formula | K23: % manual
A24: C | B24: Outros (especificar) | I24: =ROUND((H24*I22),2) -> 0 | J24: manual
A25: Total da Remuneração | I25: =SUM(I22:I24) -> 1508.09 | J25: formula
A26: MÓDULO 2 : BENEFÍCIOS MENSAIS E DIÁRIOS
A27: 2 | B27: Benefícios Mensais e Diários | H27: Valor unit.(R$) | I27: Valor (R$)
A28: A | B28: Transporte Cálculo do valor: [(2xVTx21) – (6%xSB)] | I28: =ROUND(((H30*H29*E22*F22)-(0.06*I22)),2) -> 191.57 | J28: formula
B29: A.1) Valor da passagem do transporte coletivo no município de prestação dos serviços: | H29: 6.1 | I29: - | J29: manual falta valor
B30: A.2) Quantidade de passagens por dia por empregado: | H30: 2 | J30: manual falta valor
A31: B | B31: Auxílio-alimentação (vales, cesta básica, entre outros) Cálculo do valor = [(21xVA)x(1-0,19)] | I31: =ROUND(((E22*H32*(1-0.19))*F22),2) -> 309.58 | J31: formula
B32: B.1) Valor do auxílio-alimentação (cláusula 18 da CCT ): | H32: 18.2 | I32: - | J32: formula | K32: em amarelo manual
A33: C | B33: Assistência médica e familiar | H33: 0 | I33: =H33*F22 -> 0 | J33: formula | K33: em amarelo manual | O33: 274004.4
A34: D | B34: Auxílio-creche | H34: 0 | I34: =H34*F22 -> 0 | J34: formula | K34: em amarelo manual | O34: 90032.88
A35: E | B35: Plano de Benefício Social Familiar | H35: 15.62 | I35: =H35*F22 -> 15.62 | J35: formula | K35: em amarelo manual
A36: F | B36: Outros (especificar) | H36: 0 | I36: =H36*F22 -> 0 | J36: formula | K36: em amarelo manual | O36: =O33+O34 -> 364037.28
B37: Total de Benefícios Mensais e Diários | I37: =SUM(I28:I36) -> 516.77 | J37: formula | O37: 283500
A39: Nota: o valor informado deverá ser o custo real do insumo (descontado o valor eventualmente pago pelo empregado).
O40: =O36-O37 -> 80537.28
A41: MÓDULO 3: INSUMOS DIVERSOS
A42: 3 | B42: Insumos diversos | H42: Valor unit.(R$) | I42: Valor (R$)
A43: A | B43: Uniformes | H43: =99.1/12 -> 8.2583333 | I43: =H43*F22 -> 8.2583333 | J43: formula | O43: 16465
A44: B | B44: Materiais | H44: 196.31 | I44: =H44*F22 -> 196.31 | J44: formula | O44: 7 | P44: =O43/7 -> 2352.1429
A45: C | B45: Equipamentos | H45: ='ANEXO V'!P20 -> 0 | I45: =H45*F22 -> 0 | J45: formula | O45: 5 | P45: =P44*5 -> 11760.714
A46: D | B46: Outros - Depreciação de equipamentos | H46: 0 | I46: =H46*F22 -> 0 | J46: formula | O46: 2 | P46: =P44*2 -> 4704.2857
A47: Total de Insumos Diversos | I47: =SUM(I43:I46) -> 204.56833 | J47: formula
A49: Nota: Valores mensais por empregado.
A51: MÓDULO 4: ENCARGOS SOCIAIS E TRABALHISTAS
A52: Submódulo 4.1 - Encargos Previdenciários, FGTS e outras contribuições:
A53: 4.1 | B53: Encargos Previdenciários e FGTS | H53: Percentual (%) | I53: Valor (R$)
A54: A | B54: INSS | H54: 0.2 | I54: =ROUND($I$25*H54,2) -> 301.62 | J54: formula | K54: em amarelo manual
A55: B | B55: SESI ou SESC | H55: 0 | I55: =ROUND($I$25*H55,2) -> 0 | J55: formula | K55: em amarelo manual
A56: C | B56: SENAI ou SENAC | H56: 0 | I56: =ROUND($I$25*H56,2) -> 0 | J56: formula | K56: em amarelo manual
A57: D | B57: INCRA | H57: 0 | I57: =ROUND($I$25*H57,2) -> 0 | J57: formula | K57: em amarelo manual
A58: E | B58: Salário educação | H58: 0 | I58: =ROUND($I$25*H58,2) -> 0 | J58: formula | K58: em amarelo manual
A59: F | B59: FGTS | H59: 0.08 | I59: =ROUND($I$25*H59,2) -> 120.65 | J59: formula | K59: em amarelo manual
A60: G | B60: Seguro Acidente de Trabalho = SAT = (RAT x FAP) SAT = ( %Riscos Ambientais do Trabalho x Fator Acidentário de Prevenção de cada empresa ) | D60: RAT = | E60: 0.03 | F60: FAP = | G60: 1 | H60: =ROUND((E60*G60),6) -> 0.03 | I60: =ROUND($I$25*H60,2) -> 45.24 | J60: formula | K60: em amarelo manual
A61: H | B61: SEBRAE | H61: 0 | I61: =ROUND($I$25*H61,2) -> 0 | J61: formula | K61: em amarelo manual
A62: TOTAL | H62: =SUM(H54:H61) -> 0.31 | I62: =SUM(I54:I61) -> 467.51 | J62: formula | K62: em amarelo manual
A64: Nota (1) - Os percentuais dos encargos previdenciários do FGTS e demais contribuições são aqueles estabelecidos pela legislação vigente. Nota (2) - Percentuais incidentes sobre a remuneração.
A66: Submódulo 4.2 - 13º (décimo terceiro) Salário
A67: 4.2 | B67: 13º (décimo terceiro) Salário | I67: Valor (R$)
A68: A | B68: 13º (décimo terceiro) salário "Obrigatória" a cotação de 8,33% (= Rem./12)sobre o valor do Módulo 1-Composição da Remuneração, conforme art. 19-A e Anexo VII da IN 2/08. | I68: =ROUND($I$25/12,2) -> 125.67 | J68: formula
A69: Subtotal | I69: =SUM(I68) -> 125.67 | J69: formula
A70: B | B70: Incidência dos encargos previstos no submódulo 4.1 sobre o 13º (décimo terceiro) salário | I70: =ROUND(H62*I69,2) -> 38.96 | J70: formula
A71: TOTAL | I71: =SUM(I69:I70) -> 164.63 | J71: formula
A73: Submódulo 4.3 - Afastamento Maternidade
A74: 4.3 | B74: Afastamento Maternidade | I74: Valor (R$)
A75: A | B75: Afastamento maternidade Cálculo do valor = {[(Rem+1/3Rem)/12]x(4/12)}x2% | I75: =ROUND(((($I$25+$I$25/3)*4/12)/12)*0.02,2) -> 1.12 | J75: formula
A76: B | B76: Incidência dos encargos do submódulo 4.1 sobre o Afastamento Maternidade | I76: =ROUND(H62*I75,2) -> 0.35 | J76: formula
A77: TOTAL | I77: =SUM(I75:I76) -> 1.47 | J77: formula
A78: Submódulo 4.4 - Provisão para rescisão
A79: 4.4 | B79: Provisão para rescisão | I79: Valor (R$)
A80: A | B80: Aviso-prévio indenizado Cálculo do valor = (Rem/12)x(nº de dias de indenização/30)x 5% de rotatividade anual - utilizado 33 dias para Limpeza | I80: =ROUND(($I$25/12)*(33/30)*0.05,2) -> 6.91 | J80: formula
A81: B | B81: Incidência do FGTS sobre aviso-prévio indenizado | I81: =ROUND($H$59*I80,2) -> 0.55 | J81: formula
A82: C | B82: Multa sobre FGTS e contribuições sociais sobre o aviso-prévio indenizado Cálculo do valor: Rem (50% x 8% x 5%) | I82: =ROUND(I25*50%*8%*5%,2) -> 3.02 | J82: formula
A83: D | B83: Aviso-previo trabalhado Cálculo do valor= [(Rem/30)x7]/12 meses do contrato | I83: =ROUND(((($I$25/30)*7)/$H$9),2) -> 29.32 | J83: formula
A84: E | B84: Incidência dos encargos do submódulo 4.1 sobre o aviso-prévio trabalhado | I84: =ROUND($H$62*I83,2) -> 9.09 | J84: formula
A85: F | B85: Multa sobre FGTS e contribuições sociais sobre o aviso-prévio trabalhado Cálculo do valor: Rem(40% = 10%) x 8% x 100% | I85: =ROUND($I$25*(40%+10%)*8%*100%,2) -> 60.32 | J85: formula
A86: TOTAL | I86: =SUM(I80:I85) -> 109.21
A87: Submódulo 4.5 - Custo de reposição do profissional ausente
A88: 4.5 | B88: Composição do custo de reposição do profissional ausente | I88: Valor (R$)
A89: A | B89: Férias e terço constitucional de férias Cálculo do valor = [(Rem/12) + (Rem/3)]/12 | I89: =ROUND($I$25*11.11%,2) -> 167.55 | J89: formula
A90: B | B90: Ausência por doença Cálculo do valor = [(Rem/30)x5dias]/12 | I90: =ROUND(((($I$25/30)*5)/12),2) -> 20.95 | J90: formula
A91: C | B91: Licença-paternidade Cálculo do valor = {[(Rem/30)x5dias]/12}x1,5% | I91: =ROUND((($I$25/30)*5)/12*0.015,2) -> 0.31 | J91: formula
A92: D | B92: Ausências legais Cálculo do valor = [(Rem/30)x2,96dias]/12 | I92: =ROUND((($I$25/30)*2.96)/12,2) -> 12.4 | J92: formula
A93: E | B93: Ausência por acidente de trabalho Cálculo do valor = {[(Rem/30)x15dias]/12}x0,78% | I93: =ROUND(((($I$25/30)*15)/12)*0.0078,2) -> 0.49 | J93: formula
A94: F | B94: Outros (especificar) | I94: 0
A95: Subtotal | I95: =SUM(I89:I94) -> 201.7 | J95: manual
A96: G | B96: Incidência dos encargos do submódulo 4.1 sobre o custo de reposição do profissional ausente | I96: =ROUND(H62*I95,2) -> 62.53 | J96: formula
A97: TOTAL | I97: =SUM(I95:I96) -> 264.23 | J97: formula
A98: Quadro-Resumo - Módulo 4 - Encargos sociais e trabalhistas
A99: 4 | B99: Módulo 4 - Encargos sociais e trabalhistas | I99: Valor (R$)
A100: 4.1 | B100: Encargos previdenciários, FGTS e outras contribuições | I100: =I62 -> 467.51 | J100: formula
A101: 4.2 | B101: 13º (décimo terceiro) salário | I101: =I71 -> 164.63 | J101: formula
A102: 4.3 | B102: Afastamento maternidade | I102: =I77 -> 1.47 | J102: formula
A103: 4.4 | B103: Custo de rescisão | I103: =I86 -> 109.21 | J103: formula
A104: 4.5 | B104: Custo de reposição do profissional ausente | I104: =I97 -> 264.23 | J104: formula
A105: 4.6 | B105: Outros (especificar) | I105: 0 | J105: manual
A106: TOTAL | I106: =SUM(I100:I105) -> 1007.05
A107: MÓDULO 5 - CUSTOS INDIRETOS, LUCRO E TRIBUTOS
A108: 5 | B108: Custos indiretos, lucro e tributos | H108: % | I108: Valor (R$)
A109: BASE DE CÁLCULO DOS CUSTOS INDIRETOS = (Total da Remuneração + Total dos Benefícios Mensais e Diários + Total de Insumos Diversos + Total do Quadro-resumo do Módulo 4 de Encargos Sociais e Trabalhistas) | H109: - | I109: =SUM(I25+I37+I47+I106) -> 3236.4783 | J109: formula
A110: A | B110: Custos indiretos | H110: 0.0001 | I110: =ROUND(H110*I109,2) -> 0.32 | J110: formula | K110: em amarelo manual
...

Sheet RESUMO
A2: ANEXO XIII - RESUMOS
A3: PLANILHAS DE CUSTOS E DE FORMAÇÃO DE PREÇOS
A4: PROCESSO n° 667/2021
A5: PREGÃO ELETRÔNICO Nº 027/2021
C6: Horas Semanal | D6: Postos | E6: Módulo 1: Composição da Remuneração | F6: Módulo 2: Benefícios Mensais e Diários | G6: Módulo 3: Insumos Diversos | H6: Módulo 4: Encargos Sociais e Trabalhistas | I6: Módulo 5: Custos Indiretos , Lucro e Tributos | J6: Valor Mensal por posto (unidade) | K6: Total Mensal
A7: Auxiliar de Limpeza | C7: 40hs | D7: ='auxiliar de limpeza - 40hs'!F22 -> 1 | E7: =+'auxiliar de limpeza - 40hs'!I132 -> 1508.09 | F7: =+'auxiliar de limpeza - 40hs'!I133 -> 516.77 | G7: =+'auxiliar de limpeza - 40hs'!I134 -> 204.56833 | H7: =+'auxiliar de limpeza - 40hs'!I135 -> 1007.05 | I7: =+'auxiliar de limpeza - 40hs'!I137 -> 136.64 | J7: =(+I7+H7+G7+F7+E7)/D7 -> 3373.1183 | K7: =+J7*D7 -> 3373.1183
A9: Auxiliar de Limpeza | C9: 12x36Hs | D9: =#REF! -> #REF! | E9: =+#REF! -> #REF! | F9: =+#REF! -> #REF! | G9: =+#REF! -> #REF! | H9: =+#REF! -> #REF! | I9: =+#REF! -> #REF! | J9: =(+I9+H9+G9+F9+E9)/D9 -> #REF! | K9: =+J9*D9 -> #REF!
A11: TOTAL MENSAL DOS SERVIÇOS | K11: =SUM(K7:K10) -> #REF!
A13: N° | B13: Função | C13: Horas Mês | D13: Efetivo | E13: Módulo 1: Composição da Remuneração | F13: Módulo 2: Benefícios Mensais e Diários | G13: Módulo 3: Insumos Diversos | H13: Módulo 4: Encargos Sociais e Trabalhistas | I13: Módulo 5: Custos Indiretos , Lucro e Tributos | J13: Total Mensal
A14: 1.1 | B14: Auxiliar de Limpeza | C14: 200 | D14: 5 | E14: =+E7*$D14 -> 7540.45 | F14: =+F7*$D14 -> 2583.85 | G14: =+G7*$D14 -> 1022.8417 | H14: =+H7*$D14 -> 5035.25 | I14: =+I7*$D14 -> 683.2 | J14: =+I14+H14+G14+F14+E14 -> 16865.592
A15: 1.3 | B15: Auxiliar de Limpeza | C15: 12x36Hs | D15: 2 | E15: =+E9*D15 -> #REF! | F15: =+F9*D15 -> #REF! | G15: =+G9*D15 -> #REF! | H15: =+H9*D15 -> #REF! | I15: =+I9*D15 -> #REF! | J15: =+I15+H15+G15+F15+E15 -> #REF!
B16: Totais: | D16: =SUM(D14:D15) -> 7 | E16: =SUM(E14:E15) -> #REF! | F16: =SUM(F14:F15) -> #REF! | G16: =SUM(G14:G15) -> #REF! | H16: =SUM(H14:H15) -> #REF! | I16: =SUM(I14:I15) -> #REF! | J16: =SUM(J14:J15) -> #REF!
A18: QUADRO RESUMO DO CONTRATO
A19: Serviço | G19: Valor Mensal por Unidade de Serviço | H19: Quantidade de Unidade de Serviços | I19: Valor mensal do serviço
A20: SERVENTE DE LIMPEZA - 40HS | G20: =+J7 -> 3373.1183 | H20: 5 | I20: =G20*H20 -> 16865.592
A21: SERVENTE DE LIMPEZA - 12X36 | G21: =+J9 -> #REF! | H21: 2 | I21: =G21*H21 -> #REF!
A22: Valor Mensal do Contrato | I22: =SUM(I20:I21) -> #REF!

Sheet ANEXO V
A2: ANEXO V
A3: PLANILHA DE QUANTIDADES E ORÇAMENTO DE EQUIPAMENTOS, UNIFORMES E MATERIAIS
A5: Instruções:
A6: As quantidades eventualmente preenchidas nestas planilhas são apenas as estimadas.
A7: As quantidades referem-se ao necessário para os 12(doze) meses de contrato.
A8: Deve-se descrever todos os uniformes/materiais/equipamentos necessários à consecução do serviço.
A10: MÓDULO 3 – UNIFORMES, MATERIAIS E EQUIPAMENTOS
A12: UNIFORMES SERVENTES DE LIMPEZA
A13: Qtde | B13: Descrição | C13: Custo unitário | D13: Vida útil (meses) | E13: Custo anual (R$) | F13: Custo mensal (R$) | K13: EQUIPAMENTOS - SERVENTES DE LIMPEZA | V13: EQUIPAMENTOS - AUXILIAR DE MANUTENÇÃO PREDIAL
A14: 4 | B14: Calça de abrigo | C14: 40 | D14: 12 | E14: =ROUND(C14*A14,2) -> 160 | F14: =E14/12 -> 13.333333 | K14: Qtde | L14: Descrição | N14: Custo Unitário | O14: Vida útil (meses) | P14: Custo mensal (R$) | V14: Qtde | W14: Descrição | Y14: Custo Unitário | Z14: Vida útil (meses) | AA14: Custo mensal (R$)
A15: 4 | B15: Camiseta de manga curta | C15: 25 | D15: 12 | E15: =C15*A15 -> 100 | F15: =E15/12 -> 8.3333333 | K15: 1 | L15: Aspirador de pó e líquidos, com potência de, no mínimo, 1200W | N15: 0 | O15: 120 | P15: =(N15*K15)/O15 -> 0 | V15: 1 | W15: Aparadora de grama com fio de nylon, com potência de, no mínimo, 1000 W | Z15: 120 | AA15: =(Y15*V15)/Z15 -> 0
A16: 2 | B16: Camiseta de manga longa | C16: 30 | D16: 12 | E16: =C16*A16 -> 60 | F16: =E16/12 -> 5 | K16: 2 | L16: Mangueira plástica de 20 m para lavagem | N16: 0 | O16: 120 | P16: =(N16*K16)/O16 -> 0 | V16: 1 | W16: Cavadeira articulada com cabo de madeira | Z16: 120 | AA16: =(Y16*V16)/Z16 -> 0
A17: 1 | B17: Blusão de moletom | C17: 40 | D17: 12 | E17: =C17*A17 -> 40 | F17: =E17/12 -> 3.3333333 | K17: 1 | L17: Escadas cinco degraus | N17: 0 | O17: 120 | P17: =(N17*K17)/O17 -> 0 | V17: 2 | W17: Vassoura de aço com cabo de madeira | Z17: 120 | AA17: =(Y17*V17)/Z17 -> 0
A18: 2 | B18: Par de Botinas/Sapatos PU | C18: 40 | D18: 12 | E18: =C18*A18 -> 80 | F18: =E18/12 -> 6.6666667 | K18: 1 | L18: Escada nove degraus | N18: 0 | O18: 120 | P18: =(N18*K18)/O18 -> 0 | V18: 2 | W18: Garfo para jardinagem com cabo de madeira | Z18: 120 | AA18: =(Y18*V18)/Z18 -> 0
A19: 1 | B19: Crachá de identificação | C19: 10 | D19: 12 | E19: =C19*A19 -> 10 | F19: =E19/12 -> 0.83333333 | K19: Custo Total Mensal | P19: =SUM(P15:P18) -> 0 | V19: 1 | W19: Pá de corte com cabo de madeira | Z19: 120 | AA19: =(Y19*V19)/Z19 -> 0
D20: Custo Total Mensal | F20: =ROUND(SUM(F14:F19),2) -> 37.5 | K20: Custo Unitário Mensal | P20: =ROUND(P19/8,2) -> 0 | V20: 1 | W20: Pá de concha com cabo de madeira | Z20: 120 | AA20: =(Y20*V20)/Z20 -> 0
D21: Custo Unitário Mensal | F21: =ROUND(F20/3,2) -> 12.5 | Q21: arredondamento 2 casas após a vírgula | V21: 1 | W21: Picareta com cabo de madeira | Z21: 120 | AA21: =(Y21*V21)/Z21 -> 0
V22: 1 | W22: Alicate de pressão 10” | Z22: 120 | AA22: =(Y22*V22)/Z22 -> 0
A23: UNIFORMES COPEIRO | V23: 1 | W23: Furadeira de impacto com potência de, no mínimo, 550W | Z23: 120 | AA23: =(Y23*V23)/Z23 -> 0
A24: Qtde | B24: Descrição | C24: Custo unitário | D24: Vida útil (meses) | E24: Custo anual (R$) | F24: Custo mensal (R$) | V24: 2 | W24: Serrote universal de dentes finos | Z24: 120 | AA24: =(Y24*V24)/Z24 -> 0
A25: 4 | B25: Calça de abrigo | C25: 50 | D25: 12 | E25: =C25*A25 -> 200 | F25: =E25/12 -> 16.666667 | V25: 2 | W25: Trena simples de 5 m | Z25: 120 | AA25: =(Y25*V25)/Z25 -> 0
A26: 4 | B26: Camiseta de manga curta | C26: 25 | D26: 12 | E26: =C26*A26 -> 100 | F26: =E26/12 -> 8.3333333 | V26: 1 | W26: Serra tico tico, com alimentação elétrica e potência mínima de 400W | Z26: 120 | AA26: =(Y26*V26)/Z26 -> 0
A27: 2 | B27: Camiseta de manga longa | C27: 30 | D27: 12 | E27: =C27*A27 -> 60 | F27: =E27/12 -> 5 | V27: 1 | W27: Serra circular, com alimentação elétrica e potência mínima de 1400W; | Z27: 120 | AA27: =(Y27*V27)/Z27 -> 0
A28: 1 | B28: Blusão de moletom | C28: 60 | D28: 12 | E28: =C28*A28 -> 60 | F28: =E28/12 -> 5 | V28: 1 | W28: Roçadeira à gasolina, com potência mínima de 1,25KW | Z28: 120 | AA28: =(Y28*V28)/Z28 -> 0
A29: 2 | B29: Par de Botinas/Sapatos PU | C29: 35 | D29: 12 | E29: =C29*A29 -> 70 | F29: =E29/12 -> 5.8333333 | V29: 1 | W29: Soprador de folhas à gasolina, com potência de, no mínimo, 0,8kW / 1,1 hp; | Z29: 120 | AA29: =(Y29*V29)/Z29 -> 0
A30: 1 | B30: Crachá de identificação | C30: 10 | D30: 12 | E30: =C30*A30 -> 10 | F30: =E30/12 -> 0.83333333 | V30: 1 | W30: Serrote para poda, tipo simples | Z30: 120 | AA30: =(Y30*V30)/Z30 -> 0
A31: 1 | B31: Avental | C31: 15 | D31: 12 | E31: =C31*A31 -> 15 | F31: =E31/12 -> 1.25 | V31: 2 | W31: Martelo de unha, com “cabeça metálica” e cabo de madeira | Z31: 120 | AA31: =(Y31*V31)/Z31 -> 0
D32: Custo Total Mensal | F32: =SUM(F25:F31) -> 42.916667 | V32: 1 | W32: Parafusadeira de impacto | Z32: 120 | AA32: =(Y32*V32)/Z32 -> 0
D33: Custo Unitário Mensal | F33: =ROUND(F32/1,2) -> 42.92 | V33: 1 | W33: Tesoura de poda profissional | Z33: 120 | AA33: =(Y33*V33)/Z33 -> 0
V34: 1 | W34: Balde metálico para concreto de, no mínimo, 10L; | Z34: 120 | AA34: =(Y34*V34)/Z34 -> 0
V35: 1 | W35: Desempenadeira de aço, tamanho mínimo de 30x12cm | Z35: 120 | AA35: =(Y35*V35)/Z35 -> 0
A39: MATERIAIS DE CONSUMO E INSTRUMENTOS | V39: Custo Total Mensal | AA39: =SUM(AA15:AA35) -> 0
A40: Qtde | B40: Descrição | D40: Custo unitário | E40: Custo anual (R$) | F40: Custo Mensal (R$) | V40: Custo Unitário Mensal | AA40: =ROUND(AA39/1,2) -> 0
A41: 0 | B41: ALCOOL LIQUIDO GALÃO(5L) | D41: 47.25 | E41: =D41*A41*12 -> 0 | F41: =E41/12 -> 0 | AB41: arredondamento 2 casas após a vírgula
A42: 0 | B42: Água Sanitária (5L) | D42: 8.83 | E42: =D42*A42*12 -> 0 | F42: =E42/12 -> 0
A43: 0 | B43: Desinfetante Fragrância Lavanda ( 5L) | D43: 13.645 | E43: =D43*A43*12 -> 0 | F43: =E43/12 -> 0
A44: 0 | B44: Detergente Neutro (5L) | D44: 19.63 | E44: =D44*A44*12 -> 0 | F44: =E44/12 -> 0
A45: 0 | B45: Esponjas dupla face (Un) | D45: 1.5 | E45: =D45*A45*12 -> 0 | F45: =E45/12 -> 0
A46: 0 | B46: Flanela para limpeza (Un) | D46: 1.99 | E46: =D46*A46*12 -> 0 | F46: =E46/12 -> 0
A47: 0 | B47: LUSTRA MOVEL(UN) | D47: 3.51 | E47: =D47*A47*12 -> 0 | F47: =E47/12 -> 0
A48: 0 | B48: Panos de Chão (Un) | D48: 2.99 | E48: =D48*A48*12 -> 0 | F48: =E48/12 -> 0
A49: 0 | B49: Desodorizante pedra sanitária (Un) | D49: 2.3 | E49: =D49*A49*12 -> 0 | F49: =E49/12 -> 0
A50: 0 | B50: Barra de sabão neutro (Un) | D50: 1.99 | E50: =D50*A50*12 -> 0 | F50: =E50/12 -> 0
A51: 0 | B51: Sacos de Lixo Pretos de 100L e 8 micras (Un) | D51: 0.37 | E51: =D51*A51*12 -> 0 | F51: =E51/12 -> 0
A52: 0 | B52: Sacos de Lixo Pretos de 20L e 5 micras (Un) | D52: 0.13 | E52: =D52*A52*12 -> 0 | F52: =E52/12 -> 0
A53: 0 | B53: Sacos de Lixo Verdes de 20L e 5 micras (Un) | D53: 0.31 | E53: =D53*A53*12 -> 0 | F53: =E53/12 -> 0
... A66: 0 | B66: Limpa Vidros (5L) | D66: 21.9 | E66: =D66*A66*12 -> 0 | F66: =E66/12 -> 0
A67: Custo Total Mensal | F67: =SUM(F41:F66) -> 0
A68: Custo Unitário Mensal | F68: =+ROUND(F67/4,2) -> 0 | G68: arredondamento 2 casas após a vírgula

Sheet Planilha de materiais
C54: VALOR TOTAL R$ 16.490,00
